 Dungeon Crawl Stone Soup version 0.26-a0-1205-g4083c211ab (webtiles) character file.

Game seed: 10416358094349534220

9 Azzok the Skirmisher (level 2, 24/24 HPs)
             Began as a Demonspawn Berserker on Dec 29, 2020.
             Was a Follower of Trog.
             Quit the game on level 1 of the Dungeon.
             The game lasted 00:00:19 (215 turns).

Azzok the Skirmisher (Demonspawn Berserker)          Turns: 215, Time: 00:00:20

Health: 24/24      AC:  2    Str: 17    XL:     2   Next: 3%
Magic:  2/2        EV: 12    Int:  8    God:    Trog [*.....]
Gold:   36         SH:  0    Dex: 12    Spells: 1/1 levels left

rFire    + . .     SeeInvis .   a - +0 hand axe
rCold    . . .     Faith    .   (no shield)
rNeg     . . .     Spirit   .   b - +0 animal skin
rPois    .         Reflect  .   (no helmet)
rElec    .         Harm     .   (no cloak)
rCorr    .         Rampage  .   (no gloves)
Will     .....                  (no boots)
Stlth    +.........             (no amulet)
HPRegen  0.08/turn              (no ring)
MPRegen  0.08/turn              (no ring)

@: no status effects
A: fire resistance 1
a: Renounce Religion, Berserk


You were on level 1 of the Dungeon.
You worshipped Trog.
Trog was aware of your devotion.
You visited 1 branch of the dungeon, and saw 1 of its levels.

You collected 36 gold pieces.

Inventory:

Hand Weapons
 a - a +0 hand axe (weapon)
Armour
 b - a +0 animal skin (worn)
Scrolls
 d - a scroll of amnesia {unknown}
 e - a scroll of enchant weapon {unknown}
Potions
 c - 2 potions of attraction {unknown}


   Skills:
 + Level 3.1 Fighting
 * Level 2.9 Axes
 + Level 1.9 Armour
 + Level 1.9 Dodging


You had one spell level left.
You didn't know any spells.
Your spell library was empty.

Dungeon Overview and Level Annotations

Branches:
Dungeon (1/15)

Altars:


Innate Abilities, Weirdness & Mutations

Your flesh is heat resistant. (rF+)


Message History

You slash the giant cockroach!
You kill the giant cockroach!
Trog accepts your kill.
You have reached level 2!
Your demonic ancestry asserts itself...
You feel resistant to heat.
Found an escape hatch in the floor.
There is an escape hatch in the floor here.
e - a scroll labelled YJOLATHARR A goblin comes into view.
It is wielding a +0 dagger of speed.
The goblin shouts!
You hear a shout!
A bat comes into view.
Found 5 gold pieces.
Are you sure you want to abandon this character and quit the game? (Confirm with "yes".)
Okay, then.
Unknown command.
Unknown command.
Unknown command.
Unknown command.
Are you sure you want to abandon this character and quit the game? (Confirm with "yes".)

▒··▒ ▒·▒▒····▒▒▒▒·▒ ▒
···▒ ▒·▒▒·▒▒······▒ ▒
·▒▒▒ ▒·▒▒·▒▒·▒▒▒▒▒▒ ▒ ·
▒ ▒·······▒ ▒ ▒·
▒▒▒▒·▒▒▒▒ ▒▒▒▒▒▒
···▒▒▒▒▒▒▒▒▒·▒▒▒▒▒▒·····
··········▒·······▒·····
·g···········▒▒·········
$!b····@··▒·····▒·▒·····
···▒·▒▒▒▒▒▒··▒··▒·▒·····
▒··▒··▒·▒▒▒▒▒▒ ▒·······▒
▒▒·▒··▒▒▒ ▒▒▒▒ ▒·▒··▒
▒▒··· ▒····▒▒▒▒····
▒············
▒▒···▒▒▒▒····


You could see a goblin and a bat.

Vanquished Creatures
  A dart slug (D:1)
  A leopard gecko (D:1)
  2 bats (D:1)
  A giant cockroach (D:1)
  A rat (D:1)
6 creatures vanquished.

Notes
Turn   | Place    | Note
-------+----------+-------------------------------------------
     0 | D:1      | Azzok the Demonspawn Berserker began the quest for the Orb.
     0 | D:1      | Reached XP level 1. HP: 18/18 MP: 1/1
   147 | D:1      | Gained mutation: Your flesh is heat resistant. (rF+)
                  | [demonic ancestry]
   147 | D:1      | Reached XP level 2. HP: 23/24 MP: 2/2
   215 | D:1      | Quit the game

Illustrated notes

Levels and vault maps discovered:
D:1:      psy_arrival_radial01, layout_loops_cross

Action                   || total
-------------------------++-------
Melee: Hand axe          ||    10
 Stab: Sleeping          ||     1
Armor: Animal skin       ||     1
Dodge: Dodged            ||     3

Table legend: (Time is in decaauts)
 A = Elapsed time spent in this place.
 B = Non-inter-level travel time spent in this place.
 C = Inter-level travel time spent in this place.
 D = Time resting spent in this place.
 E = Time spent auto-exploring this place.
 F = Levels seen in this place.
 G = Mean time per level.
                   A        B        C        D        E       F      G
               +--------+--------+--------+--------+--------+-----+--------+
         Total |    216 |    216 |      0 |      0 |    172 |   1 |  216.0 |
       Dungeon |    216 |    216 |      0 |      0 |    172 |   1 |  216.0 |
               +--------+--------+--------+--------+--------+-----+--------+

Top non-repeatable levels by time:
     D:1: 216 daAuts
